 Dungeon Crawl Stone Soup version 0.28.0-43-g3370ac3207 (webtiles) character file.

Game seed: 17661161881430431049

46 tizbic2 the Conjurer (level 3, -4/35 HPs)
             Began as an Ogre Wanderer on Mar 10, 2022.
             Was a Follower of Jiyva.
             Slain by Sigmund
             ... wielding a +0 scythe
              (12 damage)
             ... on level 3 of the Dungeon.
             The game lasted 00:10:10 (2331 turns).

tizbic2 the Conjurer (Ogre Wanderer)                Turns: 2331, Time: 00:10:10

Health: -4/35      AC:  3    Str: 22    XL:     3   Next: 66%
Magic:  6/6        EV: 12    Int: 17    God:    Jiyva [*.....]
Gold:   56         SH:  0    Dex:  5    Spells: 2/6 levels left

rFire   . . .      SeeInvis .   d - +2 short sword (venom)
rCold   . . .      Faith    .   c - +7 kite shield of Ilaoluv {rN+++ Will- Str+5}
rNeg    + + +      Spirit   .   g - +0 robe
rPois   .          Reflect  .   (helmet restricted)
rElec   .          Harm     .   (no cloak)
rCorr   .          Rampage  .   (gloves unavailable)
Will    .....                   (boots unavailable)
Stlth   +.........              (no amulet)
HPRegen 0.91/turn               h - +4 ring of evasion
MPRegen 0.35/turn               i - ring of flight

@: confused, flying
A: large, unfitting armour, tough skin 1
a: Renounce Religion


You were on level 3 of the Dungeon.
You worshipped Jiyva.
Jiyva was aware of your devotion.
You visited 1 branch of the dungeon, and saw 3 of its levels.

You collected 56 gold pieces.

Inventory:

Hand Weapons
 a - a +0 club
 b - a +0 whip
 d - a +2 short sword of venom (weapon)
Missiles
 f - 65 stones (quivered)
Armour
 c - the +7 kite shield of Ilaoluv (worn) {rN+++ Will- Str+5}
   (You acquired it on level 2 of the Dungeon)

   Str:       It affects your strength (+5).
   rN:        It renders you almost immune to negative energy.
   Will:      It decreases your willpower.
 g - a +0 robe (worn)
Jewellery
 h - a +4 ring of evasion (left hand)
 i - a ring of flight (right hand)
Potions
 e - a potion of resistance {unknown}
 j - a potion of attraction {unknown}


   Skills:
 + Level 2.2 Fighting
 + Level 1.0 Maces & Flails
 - Level 2.1 Dodging
 * Level 0.0 Shields
 + Level 2.0 Spellcasting
 * Level 2.5 Conjurations
 - Level 1.8 Translocations
 - Level 1.0 Evocations


You had 2 spell levels left.
You knew the following spells:

 Your Spells              Type           Power      Damage    Failure   Level
a - Foxfire               Conj/Fire      24%        2x1d5     30%         1
b - Stone Arrow           Conj/Erth      12%        3d7       67%         3

Your spell library contained the following spells:

 Spells                   Type           Power      Damage    Failure   Level
 Apportation              Tloc           16%        N/A       24%         1
 Sublimation of Blood     Necr           1%         N/A       61%         2
 Teleport Other           Tloc           8%         N/A       58%         3
 Iskenderun's Mystic Bla  Conj/Tloc      9%         2d4       91%         4
 Petrify                  Tmut/Erth      1%         N/A       99%         4
 Irradiate                Conj/Tmut      3%         3d15      100%        5


Dungeon Overview and Level Annotations

Branches:
Dungeon (3/15)

Altars:
Jiyva

Annotations:
D:3 Sigmund


Innate Abilities, Weirdness & Mutations

You are too large for most types of armour.
You have tough skin. (AC +1)


Message History

Sigmund is lightly wounded.
The foxfire hits Sigmund.
Sigmund is moderately wounded.
The foxfire hits Sigmund but does no damage.
Sigmund is moderately wounded.
The foxfire hits Sigmund.
Sigmund is moderately wounded.
The foxfire hits Sigmund.
Sigmund is heavily wounded.
Casting: Foxfire (safe; 30% risk of failure)
Confirm with . or Enter, or press ? or * to list all spells.
You conjure some foxfire!
The foxfire hits Sigmund.
Sigmund is heavily wounded.
The foxfire hits Sigmund.
Sigmund is severely wounded.
Sigmund points at you and mumbles some strange words.
You are confused.
You're too confused to cast spells.
Okay, then.
Sigmund screams, "Don't try to resist!"
Sigmund mumbles some strange words.
Sigmund flickers and vanishes!
Deactivating autopickup; reactivate with Ctrl-A.
You're too confused to cast spells.
Okay, then.
You're too confused to cast spells.
Okay, then.
A magic dart appears from out of thin air!
The magic dart hits you.
A magic dart appears from out of thin air!
The magic dart hits you!
You hear some strange, mumbled words.
You are more confused.
Something hits you!
* * * LOW HITPOINT WARNING * * *
Something hits you!
* * * LOW HITPOINT WARNING * * *
You bump into the rock wall.
Something hits you!
You die...

#.##..#.#
......# ## .. .
#....## ......
. ##.....##
#.......
##.......#####.
#..#.#.
#..>...........
#.#...
##.......#####.
#.##.#
###.....###
#.###.##.##.
#......)@.#
#)..........
#.#######.#
#####.##.### #.
#.# #.##.... #
#.#### #.######
#....# #.#
#.##.# #.#
#.##.# ##.##
#.##.####...#
..##........#


There were no monsters in sight!

Vanquished Creatures
  3 dart slugs
  7 bats
  3 endoplasms (D:1)
  2 giant cockroaches (D:2)
  2 goblins
  A hobgoblin (D:1)
  2 quokkas (D:1)
  7 ball pythons
  3 frilled lizards
  A kobold (D:3)
  8 rats
  A spectral goblin (D:2)
40 creatures vanquished.

Vanquished Creatures (others)
  43 foxfires
43 creatures vanquished.

Grand Total: 83 creatures vanquished

Notes
Turn   | Place    | Note
-------+----------+-------------------------------------------
     0 | D:1      | tizbic2 the Ogre Wanderer began the quest for the Orb.
     0 | D:1      | tizbic2 set off with the following items: a +0 club, a +0
                  | robe; and the following spells available to memorise:
                  | Apportation, Foxfire, Teleport Other, Stone Arrow,
                  | Iskenderun's Mystic Blast
     0 | D:1      | Reached XP level 1. HP: 19/19 MP: 2/2
    54 | D:1      | Learned a level 1 spell: Foxfire
   399 | D:1      | Reached XP level 2. HP: 19/28 MP: 2/4
  1263 | D:1      | Reached XP level 3. HP: 35/35 MP: 2/5
  1290 | D:1      | Learned a level 3 spell: Stone Arrow
  1709 | D:2      | Reached skill level 1 in Maces & Flails
  1802 | D:2      | Found a faded altar of an unknown god.
  1820 | D:2      | Prayed at the altar of an unknown god.
  1820 | D:2      | Became a worshipper of Jiyva Jujaugek the Shapeless
  1820 | D:2      | Reached * piety under Jiyva
  1879 | D:2      | Identified a scroll of acquirement
  1879 | D:2      | Acquired the +7 kite shield of Ilaoluv {rN+++ Will- Str+5}
  2313 | D:3      | Noticed Sigmund
  2331 | D:3      | Slain by Sigmund

Illustrated notes

Levels and vault maps discovered:
D:1:      nzn_arrival_water_spiral, layout_basic, minmay_bisected
D:2:      layout_loops_corners, dreamdust_ecumenical_altar_drowned_temple
D:3:      layout_loops_ring, cheibrodos_sewer_entry_sluice, uniq_natasha,
          uniq_sigmund, uniq_terence

Skill      XL: |  1  2  3 |
---------------+----------+-----
Conjurations   | 2 |  2.5
Fighting       | 2 |  2.2
Maces & Flails | 1 |  1.0
Spellcasting   | 2 |  2.0
Dodging        | |  2.1
Translocations | |  1.8
Evocations     | |  1.0

Action                   || total
-------------------------++-------
Melee: Club              ||    74
       Short sword       ||    17
       Whip              ||    13
Throw: Stone             ||     3
 Cast: Foxfire           ||    26
       Stone Arrow       ||     2
  Use: Scroll            ||     2
       Potion            ||     2
Armor: Robe              ||    55
Dodge: Dodged            ||    68
Block: Kite shield       ||    14
